 Dungeon Crawl Stone Soup version 0.28.0-43-g3370ac3207 (webtiles) character file.

Game seed: 4139995456709004040

320 tizbic2 the Skirmisher (level 6, -1/55 HPs)
             Began as a Hill Orc Artificer on Mar 27, 2022.
             Was a Believer of Okawaru.
             Engulfed by a steam dragon's steam (4 damage)
             ... on level 3 of the Dungeon.
             The game lasted 00:10:17 (2352 turns).

tizbic2 the Skirmisher (Hill Orc Artificer)         Turns: 2352, Time: 00:10:17

Health: -1/55      AC: 14    Str: 17    XL:     6   Next: 46%
Magic:  5/6        EV:  5    Int: 11    God:    Okawaru [**....]
Gold:   111        SH:  0    Dex: 11    Spells: 5/5 levels left

rFire   . . .      SeeInvis .   g - +0 dagger
rCold   . . .      Faith    .   (no shield)
rNeg    . . .      Spirit   .   x - +0 plate armour
rPois   .          Reflect  .   (no helmet)
rElec   .          Harm     .   j - +0 cloak
rCorr   .          Rampage  .   q - +0 pair of gloves
Will    .....                   (no boots)
Stlth   ..........              (no amulet)
HPRegen 0.18/turn               (no ring)
MPRegen 0.10/turn               (no ring)

@: no status effects
A: no striking features
a: Renounce Religion, Heroism


You were on level 3 of the Dungeon.
You worshipped Okawaru.
Okawaru was pleased with you.
You visited 1 branch of the dungeon, and saw 3 of its levels.

You collected 111 gold pieces.

Inventory:

Hand Weapons
 g - a +0 dagger (weapon)
 i - a +0 flail
 w - a +4 hunting sling
Missiles
 b - 2 boomerangs (quivered)
 h - 19 stones
 s - 12 sling bullets
Armour
 j - a +0 cloak (worn)
 q - a +0 pair of gloves (worn)
 x - a +0 plate armour (worn)
Wands
 c - a wand of flame (15)
 d - a wand of charming (15)
 o - a wand of polymorph (3)
Scrolls
 f - 3 scrolls of identify {unknown}
 k - a scroll of enchant armour {unknown}
 m - a scroll of summoning {unknown}
 n - a scroll of torment {unknown}
 r - a scroll of holy word {unknown}
 v - a scroll of fog {unknown}
Potions
 a - 4 potions of resistance {unknown}
 l - a potion of curing {unknown}
 t - a potion of heal wounds {unknown}
 u - a potion of haste {unknown}
Miscellaneous
 e - a piece from Xom's chessboard (15/15)


   Skills:
 * Level 4.8 Fighting
 * Level 3.2 Slings
 + Level 3.8 Armour
 - Level 0.7 Dodging
 - Level 0.7 Stealth
 - Level 3.0 Evocations


You had 5 spell levels left.
You didn't know any spells.
Your spell library contained the following spells:

 Spells                   Type           Power      Damage    Failure   Level
 Scorch                   Fire           0%         2d5       100%        2
 Sublimation of Blood     Necr           0%         N/A       100%        2
 Flame Wave               Conj/Fire      0%         2d4       100%        4
 Petrify                  Tmut/Erth      0%         N/A       100%        4
 Irradiate                Conj/Tmut      0%         3d13      100%        5
 Summon Cactus Giant      Summ           Unusable   N/A       N/A         6

Dungeon Overview and Level Annotations

Branches:
Dungeon (3/15)

Altars:
Fedhas
Nemelex Xobeh
Okawaru


Message History

You are engulfed in a cloud of scalding steam.
The steam dragon bites you but does no damage.
The steam dragon claws you but does no damage.
You hit the steam dragon but do no damage.
The steam dragon is lightly wounded.
You are engulfed in a cloud of scalding steam.
The steam dragon bites you but does no damage.
The steam dragon claws you.
You barely miss the steam dragon.
The steam dragon is lightly wounded.
You are engulfed in a cloud of scalding steam.
The steam dragon closely misses you. The steam dragon barely misses you.
You gain the combat prowess of a mighty hero.
The steam dragon barely misses you.
The steam dragon claws you but does no damage.
You completely miss the steam dragon.
The steam dragon is lightly wounded.
The steam dragon breathes steam at you. The ball of steam hits you!
You hit the steam dragon but do no damage.
The steam dragon is lightly wounded.
You are engulfed in a cloud of scalding steam.
You closely miss the steam dragon.
The steam dragon is lightly wounded.
You are engulfed in a cloud of scalding steam.
The steam dragon bites you but does no damage.
The steam dragon claws you but does no damage.
The steam dragon completely misses you.
The steam dragon claws you but does no damage.
Things that are here:
a +0 halberd; a +0 halberd; a +0 flail You feel like a meek peon again.
The steam dragon breathes steam at you. The ball of steam misses you.
The steam dragon breathes steam at you. The ball of steam hits you!!
* * * LOW HITPOINT WARNING * * *
You are engulfed in a cloud of scalding steam.
You are engulfed in a cloud of scalding steam.
You die...

...# ### ... #.# .w
#.# (### #.# #. r..#
#.###...#
##.##########.......#
......)..r..[.###?..#
......)..o..#########
.##########D§§§§@§..#
### ## #########.##
#######..
#..####.......#
##......#######
########


There were no monsters in sight!

Vanquished Creatures
  2 ogres (D:3)
  Terence (D:2)
  5 gnolls
  2 adders (D:2)
  2 dart slugs
  5 ball pythons
  2 bats
  3 endoplasms
  3 giant cockroaches
  6 goblins
  6 hobgoblins
  A jackal (D:1)
  10 kobolds
  3 quokkas
  3 frilled lizards (D:2)
  3 rats
57 creatures vanquished.

Notes
Turn   | Place    | Note
-------+----------+-------------------------------------------
     0 | D:1      | tizbic2 the Hill Orc Artificer began the quest for the Orb.
     0 | D:1      | Reached XP level 1. HP: 16/16 MP: 1/1
   386 | D:1      | Found a faded altar of an unknown god.
   391 | D:1      | Prayed at the altar of an unknown god.
   391 | D:1      | Became a worshipper of Warmaster Okawaru
   391 | D:1      | Reached * piety under Okawaru
   437 | D:1      | Reached XP level 2. HP: 24/24 MP: 2/2
   449 | D:1      | Reached skill level 2 in Fighting
   452 | D:1      | Reached skill level 1 in Slings
   521 | D:1      | Reached XP level 3. HP: 26/30 MP: 3/3
  1066 | D:2      | Found a sparkling altar of Nemelex Xobeh.
  1203 | D:2      | Noticed Terence
  1226 | D:2      | Killed Terence
  1227 | D:2      | Reached skill level 3 in Fighting
  1227 | D:2      | Reached XP level 4. HP: 22/38 MP: 4/4
  1914 | D:3      | Noticed an ogre
  1919 | D:3      | Killed an ogre
  1919 | D:3      | Reached ** piety under Okawaru
  1920 | D:3      | Reached skill level 4 in Fighting
  1920 | D:3      | Reached XP level 5. HP: 36/46 MP: 2/5
  1934 | D:3      | Found a blossoming altar of Fedhas.
  2020 | D:3      | Noticed an ogre
  2030 | D:3      | Killed an ogre
  2031 | D:3      | Reached XP level 6. HP: 45/53 MP: 3/6
  2312 | D:3      | Noticed a steam dragon
  2352 | D:3      | Engulfed by a steam dragon's steam

Illustrated notes

Levels and vault maps discovered:
D:1:      minmay_arrival_split_and_join, layout_loops_cross,
          shapermc_ecumenical_altar_mp_ritualfount, st_stairs_7,
          hangedman_feature_mirror
D:2:      layout_basic, basic_altar, uniq_terence
D:3:      layout_rooms, fedhas_altar_1, uniq_crazy_yiuf_cottage

Skill      XL: |  1  2  3  4  5 |
---------------+----------------+-----
Fighting       | 2 3 4 |  4.8
Slings         | 1 2 3 |  3.2
Armour         | 3 |  3.8
Dodging        | |  0.7
Stealth        | |  0.7
Evocations     | |  3.0

Action                   |  1- 3 |  4- 6 || total
-------------------------+-------+-------++-------
Melee: Dagger            |    25 |    37 ||    62
       Unarmed           |     4 |    10 ||    14
 Fire: Hunting sling     |    61 |    64 ||   125
Invok: Heroism           |       |     3 ||     3
Armor: Leather armour    |    12 |     3 ||    15
       Scale mail        |       |    18 ||    18
       Plate armour      |       |    31 ||    31
Dodge: Dodged            |    32 |    45 ||    77
